Map: Shrines of Lizul

Players

llllllllllll - Winner!

  • Race: Protoss Protoss
  • Spawn Location: 3:00

PureLegacy - Winner!

  • Race: Terran Terran
  • Spawn Location: 12:00

LazyElm

  • Race: Zerg Zerg
  • Spawn Location: 9:00

Scarface

  • Race: Zerg Zerg
  • Spawn Location: 6:00

VOD

Have the link to the VOD?

Description

Time

  • Played on: Nov. 21, 2018, 9:26 a.m.
  • Length: 8:22
Show
View Real Time Build Order
Export as new Build Order

llllllllllll Protoss - Winner!

Build Orders: 1 Gate Expand, Oracle Opening 

Get SALT Encoding   

  1  0:00  Probe  
  12  0:05  Probe  
  14  0:16  Probe  
  15  0:22  Pylon  
  15  0:40  Gateway  
  15  0:42  Probe  
  16  0:51  Assimilator  
  16  0:54  Probe  
  17  1:02  Probe  
  17  1:10  Probe  
  19  1:21  Probe  
  20  1:33  Probe  
  21  1:40  Nexus  
  21  1:59  Cybernetics Core  
  21  2:03  Assimilator  
  21  2:05  Probe, Pylon  
  22  2:13  Probe  
  23  2:24  Probe  
  24  2:36  Gateway  
  23  2:41  Adept  
  23  2:42  Stargate, Warp Gate  
  25  2:45  Probe  
  25  2:49  Probe  
  26  2:57  Probe x2  
  28  3:05  Probe  
  29  3:07  Probe  
  31  3:13  Probe  
  31  3:15  Adept  
  31  3:19  Probe  
  35  3:23  Adept  
  35  3:24  Probe  
  38  3:31  Probe  
  38  3:32  Oracle  
  42  3:36  Probe  
  43  3:43  Probe  
  43  3:48  Adept  
  46  3:53  Pylon  
  46  3:59  Pylon  
  46  4:04  Oracle  
  46  4:11  Probe x2  
  51  4:23  Probe  
  51  4:24  Probe  
  53  4:33  Assimilator  
  53  4:35  Probe, Assimilator  
  54  4:42  Probe, Fleet Beacon  
  55  4:47  Probe  
  56  4:54  Probe  
  57  5:01  Probe  
  57  5:05  Nexus  
  57  5:06  Probe  
  59  5:07  Pylon  
  59  5:10  Pylon  
  59  5:13  Probe  
  60  5:25  Probe x2  
  62  5:35  Carrier  
  65  5:37  Probe  
  65  5:40  Adept x2  
  70  5:59  Forge  
  70  6:01  Stargate  
  70  6:03  Gateway  
  70  6:06  Gateway, Forge  
  66  6:30  Carrier  
  64  6:37  Adept x2  
  66  6:41  Probe x2  
  66  6:42  Probe  
  66  6:46  Photon Cannon  
  71  6:48  Photon Cannon  
  71  6:49  Carrier  
  71  6:51  Photon Cannon  
  71  6:53  Probe x2, Photon Cannon  
  73  6:54  Probe  
  73  6:55  Shield Battery  
  80  7:16  Probe  
  80  7:17  Probe x2  
  83  7:26  Stargate  
  83  7:28  Nexus  
  83  7:30  Pylon  
  83  7:31  Assimilator, Stargate  
  83  7:32  Pylon  
  83  7:33  Pylon  
  83  7:35  Pylon  
  83  7:36  Assimilator  
  83  7:40  Pylon  
Show
View Real Time Build Order
Export as new Build Order

PureLegacy Terran - Winner!

Build Orders:  

Get SALT Encoding   

  12  0:01  SCV  
  13  0:13  SCV  
  14  0:18  Supply Depot  
  14  0:26  SCV  
  15  0:30  Refinery  
  15  0:39  SCV  
  16  0:46  Barracks  
  16  0:51  SCV  
  17  1:03  Barracks  
  17  1:17  Barracks  
  17  1:21  SCV  
  18  1:37  Reaper  
  19  1:46  Orbital Command  
  19  1:53  Reaper  
  20  1:54  Refinery  
  20  2:04  Reaper, Supply Depot  
  21  2:11  Reaper  
  21  2:14  SCV  
  23  2:25  Reaper  
  23  2:26  Supply Depot  
  24  2:42  Reaper  
  25  2:52  Reaper  
  25  2:53  SCV  
  27  2:58  Reaper  
  28  3:09  Command Center  
  28  3:15  Reaper  
  29  3:24  Reaper  
  30  3:30  Reaper  
  30  3:31  SCV  
  29  3:49  Barracks, SCV  
  29  3:50  Barracks  
  29  3:52  Reaper  
  31  4:04  Reaper x2  
  31  4:05  SCV  
  34  4:13  Engineering Bay  
  34  4:17  SCV  
  35  4:24  Orbital Command  
  35  4:27  Reaper  
  35  4:30  SCV  
  37  4:44  Reaper x3  
  37  4:45  Reaper  
  41  4:46  SCV  
  42  4:54  Terran Infantry Weapons Level 1  
  42  4:56  SCV, Refinery  
  42  4:58  SCV  
  42  4:59  Refinery  
  44  5:12  Reaper  
  44  5:16  Reaper  
  45  5:21  Reaper  
  45  5:28  Reaper  
  47  5:39  Reaper  
  47  5:40  SCV x2  
  50  5:44  Reaper  
  51  5:52  SCV x2  
  51  5:56  Reaper  
  54  5:57  Barracks, Supply Depot  
  54  5:58  Barracks  
  54  5:59  Supply Depot  
  54  6:12  Reaper x3  
  54  6:13  Command Center  
  54  6:15  SCV x2  
  54  6:16  Reaper  
  57  6:28  Reaper  
  57  6:35  SCV  
  57  6:37  SCV  
  58  6:44  Reaper x2  
  58  6:45  Reaper  
  61  6:52  Reaper  
  62  6:56  Reaper x2  
  62  6:57  SCV  
  62  6:58  SCV  
  66  7:09  Reaper  
  66  7:10  SCV x2  
  69  7:17  Reaper, Supply Depot  
  69  7:18  Barracks x2  
  69  7:19  Barracks  
  70  7:27  Reaper x3  
  70  7:28  Orbital Command  
  72  7:32  Reaper  
  72  7:33  Reaper  
  72  7:36  SCV x2  
  76  7:42  Reaper  
  76  7:49  Reaper  
  77  7:52  SCV  
  77  7:53  SCV  
  77  7:55  Orbital Command  
  80  7:59  Supply Depot  
Show
View Real Time Build Order
Export as new Build Order

LazyElm Zerg 

Build Orders: Hatch First 

Get SALT Encoding   

  12  0:02  Drone  
  13  0:13  Overlord  
  13  0:19  Drone  
  14  0:31  Drone x2  
  16  0:41  Drone  
  17  0:55  Hatchery  
  16  0:58  Drone  
  16  1:01  Drone  
  18  1:11  Extractor  
  18  1:16  Spawning Pool  
  16  1:20  Drone  
  16  1:23  Drone  
  18  1:35  Drone  
  19  1:45  Overlord  
  19  1:50  Drone  
  20  2:05  Queen  
  20  2:06  Zergling x2  
  23  2:14  Queen  
  23  2:15  Zergling x2  
  26  2:16  Drone, Metabolic Boost  
  27  2:23  Drone x2  
  27  2:49  Zergling x4  
  28  2:56  Zergling x4  
  28  2:57  Drone x2  
  26  3:22  Zergling x8  
  26  3:23  Zergling x2  
  28  3:34  Zergling x12  
  29  3:47  Queen x2  
  33  3:50  Drone x2  
  35  4:05  Drone  
  35  4:09  Overlord  
  36  4:18  Spore Crawler  
  36  4:22  Spore Crawler  
  32  4:45  Drone, Queen x2  
  33  4:46  Drone  
  33  4:47  Drone x4  
  40  4:58  Zergling x8  
  32  5:22  Zergling x12  
  24  5:52  Queen x2  
  22  6:16  Zergling x2  
  22  6:17  Zergling x16  
  31  6:35  Spine Crawler  
  26  6:59  Drone x2  
  17  7:34  Hatchery  
Show
View Real Time Build Order
Export as new Build Order

Scarface Zerg 

Build Orders: Hatch First 

Get SALT Encoding   

  12  0:00  Drone  
  13  0:13  Overlord  
  13  0:18  Drone  
  14  0:31  Drone x2  
  14  0:35  Drone  
  17  0:55  Hatchery  
  16  0:58  Drone  
  16  1:01  Drone  
  18  1:16  Extractor  
  18  1:18  Spawning Pool  
  16  1:22  Drone  
  16  1:24  Drone  
  18  1:37  Drone  
  19  1:43  Overlord  
  19  1:59  Drone  
  20  2:08  Queen  
  22  2:10  Zergling x4  
  22  2:15  Metabolic Boost  
  24  2:19  Queen  
  26  2:29  Spine Crawler  
  25  2:38  Drone  
  25  2:39  Drone x2  
  28  2:57  Drone x3  
  31  3:05  Evolution Chamber  
  30  3:08  Zergling x6  
  30  3:09  Zergling x2  
  30  3:11  Roach Warren  
  33  3:27  Overlord  
  33  3:28  Zergling x6  
  35  3:50  Spore Crawler  
  35  3:53  Drone x6  
  37  4:17  Zergling x6  
  37  4:18  Zergling x6  
  37  4:22  Extractor  
  37  4:23  Zerg Missile Weapons Level 1  
  42  4:31  Hatchery  
  40  4:42  Zergling x8  
  40  4:48  Spore Crawler  
  40  4:50  Overlord x3  
  39  4:56  Lair  
  39  4:59  Zergling x2  
  40  5:12  Zergling x6  
  40  5:13  Zergling x2  
  39  5:28  Roach x7  
  49  5:42  Roach x2  
  50  5:47  Roach  
  50  5:48  Roach  
  54  5:54  Glial Reconstitution  
  54  5:56  Roach x3  
  58  6:22  Roach  
  58  6:23  Roach x7  
  59  6:56  Ravager x2  
  61  7:04  Zergling x22  
  72  7:22  Zergling x4  
  74  7:33  Overlord x4  
  74  7:34  Overlord x3  
  65  7:53  Zergling x12  
Tags
 
Add a new tag
Caveats
  • Supply blocks, unpowered buildings, or Contaminate may cause inaccurate times.
  • Supply counts are checked every 10 seconds.